 Dungeon Crawl Stone Soup version 0.30-a0-6-g7c9e10e132 (webtiles) character file.

Game seed: 12447694506924176159

5695 drpainis the Cleaver (level 10, -20/90 HPs)
             Began as a Minotaur Berserker on Aug 22, 2022.
             Was a Priest of Trog.
             Killed from afar by a hellion (31 damage)
             ... with damnation
             ... while paralysed by a great orb of eyes
             ... on level 2 of the Abyss.
             The game lasted 00:14:20 (12425 turns).

drpainis the Cleaver (Minotaur Berserker)          Turns: 12425, Time: 00:14:21

Health: -20/90     AC: 13    Str: 37    XL:     10   Next: 47%
Magic:  2/9        EV:  2    Int:  2    God:    Trog [***...]
Gold:   29         SH:  0    Dex: 11    Spells: 9/9 levels left

rFire   + . .      SeeInvis .    S - +3 battleaxe (vamp)
rCold   . . .      Faith    .    (shield currently unavailable)
rNeg    . . .      Spirit   .    x - +0 chain mail
rPois   .          Reflect  .    (helmet restricted)
rElec   +          Harm     .    s - +0 cloak
rCorr   .          Rampage  .    (no gloves)
Will    .....                    (no boots)
Stlth   ..........               (no amulet)
HPRegen 0.25/turn                T - ring "Ammik" {Fly rElec rF+ Str+6 Int-2}
MPRegen 0.11/turn                v - +6 ring of strength

@: confused, paralysed, flying, studying Evocations
A: horns 2, retaliatory headbutt
a: Renounce Religion, Berserk, Trog's Hand


You were on level 2 of the Abyss.
You worshipped Trog.
Trog was most pleased with you.
You visited 1 branch of the dungeon, and saw 9 of its levels.
You visited the Abyss 1 time.
You also visited: Ossuary.

You collected 687 gold pieces.
You spent 658 gold pieces at shops.

Inventory:

Hand Weapons
 a - a +0 hand axe
 G - the +7 spear of Ovishroes {venom, rF+++ rN++ Str-3 Dex-4}
   (You found it on level 6 of the Dungeon)

   It poisons the flesh of those it strikes.
   Str:       It affects your strength (-3).
   Dex:       It affects your dexterity (-4).
   rF:        It renders you almost immune to fire.
   rN:        It greatly protects you from negative energy.
 S - a +3 vampiric battleaxe (weapon)
 U - a +5 battleaxe
 W - a +0 dagger of distortion
Missiles
 z - a throwing net (quivered)
Armour
 b - a +0 animal skin
 s - a +0 cloak (worn)
 t - a +0 ring mail
 x - a +0 chain mail (worn)
 O - the +3 hat of Pondering {ponderous, Will+ MP+10 Int+5}
   (You took it off Gastronok on level 8 of the Dungeon)

   Int:       It affects your intelligence (+5).
   MP:        It affects your magic capacity (+10).
   Will:      It increases your willpower.
Jewellery
 h - a ring of magical power
 q - a ring of flight
 v - a +6 ring of strength (right hand)
 T - the ring "Ammik" (left hand) {Fly rElec rF+ Str+6 Int-2}
   (You bought it in a shop on level 4 of the Dungeon)

   [ring of strength]

   Str:       It affects your strength (+6).
   Int:       It affects your intelligence (-2).
   rF:        It protects you from fire.
   rElec:     It insulates you from electricity.
   Fly:       It grants you flight.
Wands
 r - a wand of flame (11)
 u - a wand of paralysis (27)
 C - a wand of digging (2)
 F - a wand of iceblast (14)
 V - a wand of polymorph (6)
Scrolls
 c - 2 scrolls of amnesia
 d - 3 scrolls of noise
 m - 2 scrolls of magic mapping
 o - 3 scrolls of vulnerability
 w - 2 scrolls of teleportation
 y - a scroll of brand weapon {unknown}
 B - 3 scrolls of blinking
 D - a scroll of torment {unknown}
 E - a scroll of poison
 J - a scroll of fog {unknown}
 K - a scroll of immolation {unknown}
 L - a scroll of enchant weapon {unknown}
 M - a scroll of silence {unknown}
 Q - a scroll of enchant armour {unknown}
 R - a scroll of summoning {unknown}
Potions
 e - a potion of flight {unknown}
 f - a potion of haste {unknown}
 g - 5 potions of berserk rage
 i - 4 potions of heal wounds {unknown}
 j - 4 potions of brilliance {unknown}
 k - 2 potions of cancellation {unknown}
 l - 2 potions of curing
 n - 2 potions of resistance {unknown}
 p - 2 potions of attraction {unknown}
 A - a potion of invisibility {unknown}
 H - 3 potions of lignification {unknown}
 I - a potion of degeneration {unknown}
 N - 2 potions of might
 P - 2 potions of magic {unknown}


   Skills:
 + Level 8.5 Fighting
 + Level 12.3 Axes
 + Level 11.4 Armour
 + Level 4.6 Dodging
 + Level 2.2 Stealth


You had 9 spell levels left.
You didn't know any spells.
Your spell library was empty.

Dungeon Overview and Level Annotations

Branches:
Dungeon (9/15)             Temple (0/1) D:6         Ossuary (visited)
   Lair: D:8-11         Orc: D:9-12

Altars:
Kikubaaqudgha
Qazlal
Xom
Zin
The Shining One

Shops:
D:3 ![   D:4 *=

Portals:
Abyss: D:7

Annotations:
D:7 2 transporters, SensoryNuts's ghost, novice HOFi
D:9 Erolcha


Innate Abilities, Weirdness & Mutations

You have a pair of horns on your head.
You reflexively headbutt those who attack you in melee.


Message History

P - 2 lumpy black potions (gained 1) Erolcha the Cunning comes into view.
She is wielding a +0 giant club.
Erolcha shouts!
Erolcha gestures at you while chanting.
You are cast into the Abyss!
This branch contains the abyssal rune of Zot.
Unknown command.
A starcursed mass comes into view.
A starcursed mass splits.
A starcursed mass splits.
The great orb of eyes turns its gaze towards you.
The starcursed mass shrieks in your mind.
The great orb of eyes gazes at you.
You feel your power leaking away.
A hellion comes into view.
The great orb of eyes gazes at you.
You struggle to resist.
A starcursed mass splits.
A flying skull comes into view.
A starcursed mass splits. x2
A chorus of shrieks assaults your mind. The flying skull hits you.
The hellion gestures at you.
The sphere of damnation explodes!
The damnation engulfs you!!
The damnation engulfs the flying skull!!
The flying skull is destroyed!
The great orb of eyes gazes at you.
You suddenly lose the ability to move!
You hear a shout!
The hellion gestures at you.
The sphere of damnation explodes!
The damnation engulfs you!!
* * * LOW HITPOINT WARNING * * *
The great orb of eyes gazes at you.
You are confused.
The hellion gestures at you.
The sphere of damnation explodes!
The damnation engulfs you!
* * * LOW HITPOINT WARNING * * *
The hellion gestures at you.
The sphere of damnation explodes!
The damnation engulfs you!!
You die...

.. #. .. #. . #
##### #' #..# #
..... # .## #. . #
...#.##.# .## ..
...#.....#.# . # .
##....#.. . ...# #
#....#.. .#### ...
##.#.@#.##.#...#
#...#.# .#..#
##.#.#.#..#..#.#
#......X .....#
#..2....X.X.#.#
#........G.X. X.
.................#.#
...............### .
................. X#


You could see 2 starcursed masses, a great orb of eyes and a hellion.

Vanquished Creatures
  Gastronok (D:8)
  Pikel (D:7)
  Joseph (D:8)
  Psyche (D:8)
  A wyvern (D:8)
  4 yaks
  A water moccasin (D:9)
  4 ice beasts
  An orc warrior (D:9)
  A black bear (D:5)
  3 lemures (D:7)
  A phantom (D:6)
  A kobold brigand (D:7)
  A bullfrog (D:8)
  6 scorpions
  A necrophage (D:7)
  2 wights (D:9)
  6 killer bees (D:8)
  3 howler monkeys
  2 jellies
  A gnoll bouda (D:4)
  7 hounds
  2 orc priests
  4 iguanas
  5 orc wizards
  8 mummies (Ossuary)
  Robin (D:2)
  7 gnolls
  11 adders
  A shadow imp (D:7)
  A white imp (D:7)
  An ufetubus (D:6)
  2 worms (D:2)
  2 dart slugs
  20 orcs
  7 endoplasms
  3 giant cockroaches (D:1)
  20 goblins
  9 hobgoblins
  6 jackals
  7 quokkas
  4 ball pythons
  2 bats
  3 frilled lizards
  A goblin zombie (D:7)
  2 hobgoblin zombies (Ossuary)
  9 kobolds
  2 kobold zombies (Ossuary)
  4 orc zombies (Ossuary)
  3 rats
  A rat zombie (D:7)
198 creatures vanquished.

Vanquished Creatures (others)
  A flying skull (Abyss:2)
  6 plants (D:8)
7 creatures vanquished.

Grand Total: 205 creatures vanquished

Notes
Turn   | Place    | Note
-------+----------+-------------------------------------------
     0 | D:1      | drpainis the Minotaur Berserker began the quest for the
                  | Orb.
     0 | D:1      | Reached XP level 1. HP: 19/19 MP: 0/0
   302 | D:1      | Reached XP level 2. HP: 25/27 MP: 1/1
   309 | D:1      | Reached skill level 4 in Axes
   531 | D:1      | Noticed a floating eye
   532 | D:1      | Noticed a great orb of eyes
   535 | D:1      | Found a faded altar of an unknown god.
   536 | D:1      | Noticed an eye of devastation
   536 | D:1      | Noticed a great orb of eyes
  1179 | D:2      | Reached ** piety under Trog
  1188 | D:2      | Reached XP level 3. HP: 33/33 MP: 2/2
  1809 | D:2      | Noticed Robin
  1811 | D:2      | Reached skill level 5 in Axes
  1811 | D:2      | Reached XP level 4. HP: 41/41 MP: 3/3
  1820 | D:2      | Killed Robin
  3149 | D:3      | Found Ympiogaz's Distillery.
  3221 | D:3      | Reached XP level 5. HP: 29/47 MP: 4/4
  3865 | D:3      | Reached skill level 1 in Stealth
  3961 | D:3      | Found Raar's Antique Armour Boutique.
  4174 | D:4      | Reached skill level 6 in Axes
  4355 | D:4      | Reached skill level 5 in Fighting
  4480 | D:4      | Found Hampopn's Lightly-Used Armoury.
  4715 | D:4      | Reached XP level 6. HP: 38/56 MP: 5/5
  5137 | D:4      | Found Ymman's Jewellery Boutique.
  5458 | D:5      | Entered Level 5 of the Dungeon
  5526 | D:5      | Reached skill level 7 in Axes
  5593 | D:5      | Reached XP level 7. HP: 49/61 MP: 6/6
  5898 | D:5      | Found a glowing golden altar of the Shining One.
  5898 | D:5      | Found a stormy altar of Qazlal.
  5980 | D:5      | Reached *** piety under Trog
  6476 | D:6      | Reached skill level 5 in Armour
  6736 | D:6      | Reached XP level 8. HP: 68/70 MP: 7/7
  6784 | D:6      | Identified the +7 spear of Ovishroes {venom, rF+++ rN++
                  | Str-3 Dex-4}
  7054 | D:6      | Found a staircase to the Ecumenical Temple.
  7062 | D:6      | Reached skill level 8 in Axes
  7244 | D:7      | Found a transporter.
  7250 | D:7      | Noticed Pikel
  7253 | D:7      | Noticed a rust devil
  7254 | D:7      | Noticed a brown ugly thing
  7290 | D:7      | Killed Pikel
  7291 | D:7      | Reached skill level 9 in Axes
  7403 | D:7      | Found a sand-covered staircase.
  7410 | Ossuary  | Entered an ossuary
  8057 | D:7      | Noticed SensoryNuts's ghost (novice HOFi)
  8086 | D:7      | Reached XP level 9. HP: 79/79 MP: 8/8
  8090 | D:7      | Reached skill level 10 in Axes
  8396 | D:7      | Found a transporter.
  8399 | D:7      | Found a one-way gate to the infinite horrors of the Abyss.
  8466 | D:7      | Found a glowing silver altar of Zin.
  8974 | D:8      | Noticed Gastronok
  9001 | D:8      | Killed Gastronok
  9002 | D:8      | Reached skill level 11 in Axes
  9106 | D:8      | Found a shimmering altar of Xom.
  9117 | D:8      | Found an ancient bone altar of Kikubaaqudgha.
  9120 | D:8      | Noticed Joseph
  9147 | D:8      | Killed Joseph
  9148 | D:8      | Reached skill level 10 in Armour
  9148 | D:8      | Reached XP level 10. HP: 37/88 MP: 9/9
  9652 | D:8      | Reached **** piety under Trog
 11233 | D:4      | Bought the ring "Ammik" {Fly rElec rF+ Str+6 Int-2} for 658
                  | gold pieces
 11773 | D:8      | Reached skill level 12 in Axes
 11983 | D:9      | Noticed Psyche
 12190 | D:8      | Killed Psyche
 12373 | D:9      | Noticed Erolcha
 12373 | Abyss:2  | Cast into level 2 of the Abyss (Erolcha)
 12410 | Abyss:2  | Noticed a starcursed mass
 12414 | Abyss:2  | Noticed a great orb of eyes
 12422 | Abyss:2  | Paralysed by a great orb of eyes for 4 turns
 12425 | Abyss:2  | Killed from afar by a hellion

Illustrated notes

Levels and vault maps discovered:
D:1:      co_arrival_random_square_maze, layout_basic,
          hellmonk_ecumenical_altar_watching_god
D:2:      layout_basic, uniq_robin
D:3:      minmay_razor_zed, layout_basic, serial_shops, nicolae_diamond_shop,
          shop, chequers_serial_rivers_large_b, nicolae_titane
D:4:      layout_basic, serial_shops, nicolae_shop_waterfront,
          minmay_shop_damaged
D:5:      layout_rooms, gammafunk_temple_overflow_elements,
          serial_bayou_crossing
D:6:      layout_rooms, minmay_temple_entry_poolview
D:7:      layout_rooms, nicolae_overflow_crystal_walls,
          gammafunk_ghost_abyssal_escape, enter_ossuary_4,
          minmay_fractal_squares_diagonal_5, uniq_pikel
D:8:      minmay_weird_star, layout_basic, mainiacjoe_overflow_catwalk_spiral,
          uniq_gastronok, uniq_joseph
D:9:      layout_rooms, serial_shops, shop, uniq_erolcha, uniq_psyche
Abyss:2:  base:
D:1

Skill      XL: |  1  2  3  4  5  6  7  8  9 10 |
---------------+-------------------------------+-----
Axes           | 4 5 6 7 9 11 12 | 12.3
Fighting       | 4 5 7 8 |  8.5
Dodging        | 3 4 |  4.6
Stealth        | 1 2 |  2.2
Armour         | 3 6 8 10 11 | 11.4

Action                   |  1- 3 |  4- 6 |  7- 9 | 10-12 || total
-------------------------+-------+-------+-------+-------++-------
Melee: Hand axe          |    48 |   154 |   199 |    63 ||   464
       Headbutt          |    13 |    15 |    46 |    19 ||    93
       Punch             |       |       |     2 |       ||     2
       Battleaxe         |       |       |       |    19 ||    19
       Unarmed           |       |       |       |     1 ||     1
Invok: Berserk           |     3 |     6 |     6 |     4 ||    19
       Trog's Hand       |       |       |     2 |       ||     2
  Use: Scroll            |       |       |     5 |     4 ||     9
       Potion            |       |       |       |     3 ||     3
 Stab: Sleeping          |       |     2 |       |       ||     2
Armor: Animal skin       |    13 |    16 |       |       ||    29
       Ring mail         |       |    10 |       |       ||    10
       Chain mail        |       |    22 |    83 |    25 ||   130
Dodge: Dodged            |    33 |   100 |    88 |    40 ||   261

Table legend: (Time is in decaauts)
 A = Elapsed time spent in this place.
 B = Non-inter-level travel time spent in this place.
 C = Inter-level travel time spent in this place.
 D = Time resting spent in this place.
 E = Time spent auto-exploring this place.
 F = Levels seen in this place.
 G = Mean time per level.
                   A        B        C        D        E       F      G
               +--------+--------+--------+--------+--------+-----+--------+
         Total |  12591 |  11705 |    886 |   4678 |   5408 |  11 | 1144.6 |
       Dungeon |  11927 |  11041 |    886 |   4329 |   5239 |   9 | 1325.2 |
         Abyss |     51 |     51 |      0 |      0 |      0 |   1 |   51.0 |
       Ossuary |    612 |    612 |      0 |    348 |    169 |   1 |  612.0 |
               +--------+--------+--------+--------+--------+-----+--------+

Top non-repeatable levels by time:
     D:8: 2619 daAuts
     D:2: 1713 daAuts
     D:3: 1558 daAuts
     D:4: 1523 daAuts
     D:5: 1370 daAuts
     D:1: 1179 daAuts
     D:7: 1117 daAuts
     D:6: 771 daAuts
 Ossuary: 612 daAuts
     D:9: 74 daAuts
 Abyss:2: 51 daAuts
